 Dungeon Crawl Stone Soup version 0.30-a0-475-g03497ec522 (webtiles) character file.

Game seed: 15546384189527764177

831671 p00ps00p the Axe Maniac (level 27, -10/218 HPs)
             Began as a Hill Orc Fighter on Dec 19, 2022.
             Was an Initiate of Gozag.
             Killed from afar by a starcursed mass (14 damage)
             ... with an accursed screaming
             ... on level 6 of the Abyss on Dec 21, 2022.
             The game lasted 03:55:12 (110916 turns).

p00ps00p the Axe Maniac (Hill Orc Fighter)        Turns: 110916, Time: 03:55:13

Health: -10/218    AC: 42    Str: 37    XL:     27
Magic:  23/23      EV: 19    Int: -5 (12) God:    Gozag
Gold:   3594       SH:  0    Dex: 12    Spells: 26/26 levels left

rFire   + . .      SeeInvis .    F - +6 broad axe (spect)
rCold   + + .      Faith    .    L - +5 kite shield {reflect}
rNeg    + + .      Spirit   .    l - +2 gold dragon scales
rPois   +          Reflect  +    u - +2 hood of the Assassin {Detection Stab+ Stlth++}
rElec   +          Harm     .    x - +2 cloak {Will+}
rCorr   +          Rampage  .    m - +0 pair of gloves of Grace {Will++ rCorr}
Will    +++++                    G - +3 pair of mountain boots {steadfast, rC+}
Stlth   ..........               K - amulet of Vitality {RegenMP++ Regen++}
HPRegen 0.00/turn                e - ring of Orchooschi {rN++ EV+4 Str-3 Int+2 Dex+2}
MPRegen 0.98/turn                S - ring "Refueczo" {Fly rElec rPois Str+7 Int+6}

@: confused, ambrosia-drunk, gold aura, sick, flying, slowed, lost intelligence,
studying Hexes, invisible, unable to read, unable to drink, very slow
A: mutation resistance 1, [dopey 2], [frail 2], [no potion heal 2], [inability
to drink after injury 2]
}: 4/15 runes: barnacled, silver, abyssal, gossamer
a: Renounce Religion, Potion Petition, Call Merchant, Bribe Branch


You were on level 6 of the Abyss.
You worshipped Gozag.
Gozag was most pleased with you.
You visited 13 branches of the dungeon, and saw 61 of its levels.
You visited the Abyss 10 times.
You visited 1 bazaar.
You also visited: Gauntlet and Desolation.

You collected 42629 gold pieces.
You spent 13652 gold pieces at shops.
You paid 25383 gold pieces to Gozag.

Inventory:

Hand Weapons
 a - a +9 war axe of flaming
 F - a +6 spectral broad axe (weapon)
Armour
 i - a +2 tower shield of fire resistance
 l - +2 gold dragon scales (worn)
 m - the +0 pair of gloves of Grace (worn) {Will++ rCorr}
   (You acquired it on level 2 of the Vaults)

   rCorr:     It protects you from acid and corrosion.
   Will:      It greatly increases your willpower.
 u - the +2 hood of the Assassin (worn) {Detection Stab+ Stlth++}
   (You bought it in a shop on level 1 of the Depths)

   It allows the wearer to sense nearby creatures.
   It allows the wearer to make particularly effective stabbing attacks against
   helpless or unaware enemies with any weapon.
   Stlth:     It makes you much more stealthy.
 x - a +2 cloak of willpower (worn)
 G - the +3 pair of mountain boots (worn) {steadfast, rC+}
   (You bought it in a shop on level 2 of the Vaults)

   It prevents involuntary movement, except for blinking, teleportation, or
   banishment.
   rC:        It protects you from cold.
 L - a +5 kite shield of reflection (worn)
 W - the +10 tower shield of Ignorance {rN+ Int-4}
   (You took it off Louise on level 1 of the Shoals)

   Int:       It affects your intelligence (-4).
   rN:        It protects you from negative energy.
Jewellery
 e - the ring of Orchooschi (left hand) {rN++ EV+4 Str-3 Int+2 Dex+2}
   (You found it on level 3 of the Elven Halls)

   [ring of evasion]

   EV:        It affects your evasion (+4).
   Str:       It affects your strength (-3).
   Int:       It affects your intelligence (+2).
   Dex:       It affects your dexterity (+2).
   rN:        It greatly protects you from negative energy.
 r - the amulet of Hoavezua {Reflect rF+ SH+5}
   (You bought it in a shop on level 3 of the Vaults)

   [amulet of reflection]

   It reflects blocked missile attacks.
   rF:        It protects you from fire.
   SH:        It affects your SH (+5).
 K - the amulet of Vitality (around neck) {RegenMP++ Regen++}
   (You bought it in a shop on level 4 of the Depths)

   [amulet of magic regeneration]

   It increases your rate of magic regeneration.
   Regen:     It increases your rate of health regeneration.
 S - the ring "Refueczo" (right hand) {Fly rElec rPois Str+7 Int+6}
   (You acquired it on level 4 of the Lair of Beasts)

   [ring of intelligence]

   Str:       It affects your strength (+7).
   Int:       It affects your intelligence (+6).
   rElec:     It insulates you from electricity.
   rPois:     It protects you from poison.
   Fly:       It grants you flight.
Wands
 d - a wand of flame (97)
 j - a wand of polymorph (5)
 p - a wand of mindburst (25)
 y - a wand of iceblast (32) (quivered)
 H - a wand of charming (38)
 N - a wand of digging (23)
 X - a wand of acid (34)
Scrolls
 s - 13 scrolls of fear
 B - 3 scrolls of silence
 E - 3 scrolls of summoning
 I - 12 scrolls of teleportation
 J - 11 scrolls of fog
 P - 8 scrolls of poison
 Y - 5 scrolls of magic mapping
Potions
 h - 5 potions of brilliance
 k - 2 potions of mutation
 n - 5 potions of haste
 q - 10 potions of might
 w - 23 potions of curing
 A - 6 potions of cancellation
 C - 13 potions of ambrosia
 D - 9 potions of berserk rage
 O - 7 potions of resistance
Miscellaneous
 c - a lightning rod (4/4)
 v - a phial of floods
 M - a box of beasts
 R - the horn of Geryon
 U - a phantom mirror
 V - a condenser vane


   Skills:
 O Level 27 Fighting
 O Level 27 Axes
 + Level 21.2(25.2) Maces & Flails
 + Level 21.2(25.2) Polearms
 O Level 27 Armour
 + Level 16.8 Dodging
 + Level 18.1 Stealth
 O Level 27 Shields


You had 26 spell levels left.
You didn't know any spells.
Your spell library contained the following spells:

 Spells                   Type           Power      Damage    Failure   Level
 Apportation              Tloc           0%         N/A       96%         1
 Beastly Appendage        Tmut           0%         N/A       96%         1
 Foxfire                  Conj/Fire      0%         2x1d4     96%         1
 Freeze                   Ice            0%         1d3       96%         1
 Magic Dart               Conj           0%         1d3       96%         1
 Necrotise                Necr           0%         1d4       96%         1
 Sandblast                Erth           0%         2d4       96%         1
 Slow                     Hex            0%         N/A       96%         1
 Summon Small Mammal      Summ           0%         N/A       96%         1
 Call Imp                 Summ           0%         N/A       99%         2
 Ensorcelled Hibernation  Hex/Ice        0%         N/A       99%         2
 Passwall                 Tmut/Erth      0%         N/A       99%         2
 Sublimation of Blood     Necr           0%         N/A       99%         2
 Wereblood                Tmut           0%         N/A       99%         2
 Call Canine Familiar     Summ           0%         N/A       100%        3
 Confusing Touch          Hex            0%         N/A       100%        3
 Frozen Ramparts          Ice            0%         1d1       100%        3
 Gell's Gravitas          Tloc           0%         N/A       100%        3
 Hailstorm                Conj/Ice       0%         3d3       100%        3
 Lesser Beckoning         Tloc           0%         N/A       100%        3
 Mephitic Cloud           Conj/Pois/Air  0%         N/A       100%        3
 Ozocubu's Armour         Ice            0%         N/A       100%        3
 Portal Projectile        Hex/Tloc       0%         N/A       100%        3
 Stone Arrow              Conj/Erth      0%         3d7       100%        3
 Summon Guardian Golem    Hex/Summ       0%         N/A       100%        3
 Swiftness                Air            0%         N/A       100%        3
 Teleport Other           Tloc           0%         N/A       100%        3
 Vampiric Draining        Necr           0%         2d6       100%        3
 Vhi's Electric Charge    Tloc/Air       0%         N/A       100%        3
 Airstrike                Air            0%         2d(0-16)  100%        4
 Ice Form                 Ice/Tmut       0%         N/A       100%        4
 Leda's Liquefaction      Hex/Erth       0%         N/A       100%        4
 Manifold Assault         Tloc           0%         N/A       100%        4
 Passage of Golubria      Tloc           0%         N/A       100%        4
 Petrify                  Tmut/Erth      0%         N/A       100%        4
 Summon Ice Beast         Ice/Summ       0%         N/A       100%        4
 Summon Lightning Spire   Summ/Air       0%         N/A       100%        4
 Agony                    Necr           0%         N/A       100%        5
 Alistair's Intoxication  Tmut/Pois      0%         N/A       100%        5
 Arcjolt                  Conj/Air       0%         1d10      100%        5
 Borgnjor's Vile Clutch   Necr/Erth      0%         N/A       100%        5
 Freezing Cloud           Conj/Ice/Air   0%         6-21      100%        5
 Irradiate                Conj/Tmut      0%         3d11      100%        5
 Iskenderun's Battlesphe  Conj           0%         2d6       100%        5
 Lightning Bolt           Conj/Air       0%         1d11      100%        5
 Silence                  Hex/Air        0%         N/A       100%        5
 Summon Forest            Summ/Tloc      0%         N/A       100%        5
 Summon Mana Viper        Hex/Summ       0%         N/A       100%        5
 Conjure Ball Lightning   Conj/Air       0%         3x3d6     100%        6
 Death Channel            Necr           0%         N/A       100%        6
 Dispersal                Tloc           0%         N/A       100%        6
 Eringya's Noxious Bog    Tmut/Pois      0%         N/A       100%        6
 Iron Shot                Conj/Erth      0%         9d1       100%        6
 Statue Form              Tmut/Erth      0%         N/A       100%        6
 Haunt                    Necr/Summ      0%         N/A       100%        7
 Malign Gateway           Summ/Tloc      0%         N/A       100%        7
 Monstrous Menagerie      Summ           0%         N/A       100%        7
 Orb of Destruction       Conj           0%         9d5       100%        7
 Ozocubu's Refrigeration  Ice            0%         4d7       100%        7
 Spellforged Servitor     Conj/Summ      0%         N/A       100%        7
 Storm Form               Tmut/Air       0%         N/A       100%        7
 Summon Hydra             Summ           0%         N/A       100%        7
 Borgnjor's Revivificati  Necr           0%         N/A       100%        8
 Discord                  Hex            0%         N/A       100%        8
 Disjunction              Tloc           0%         N/A       100%        8
 Lehudib's Crystal Spear  Conj/Erth      0%         10d2      100%        8
 Maxwell's Capacitive Co  Air            0%         ∞         100%        8
 Necromutation            Tmut/Necr      0%         N/A       100%        8
 Summon Horrible Things   Summ           0%         N/A       100%        8
 Death's Door             Necr           0%         N/A       100%        9
 Polar Vortex             Ice            0%         N/A       100%        9
 Animate Dead             Necr           Unusable   N/A       N/A         4
 Simulacrum               Ice/Necr       Unusable   N/A       N/A         6

Dungeon Overview and Level Annotations

Branches:
Dungeon (15/15)            Temple (0/1) D:5            Lair (5/5) D:8
 Shoals (4/4) Lair:3       Spider (4/4) Lair:3        Slime (0/5) Lair:4
    Orc (2/2) D:9             Elf (3/3) Orc:2        Vaults (5/5) D:13
  Crypt (3/3) Vaults:2       Tomb (0/3) Crypt:3      Depths (4/4) D:15
   Hell (visited)             Dis (0/7) Hell            Geh (4/7) Hell
    Coc (6/7) Hell            Tar (0/7) Hell            Zot (5/5) Depths:4
Desolation (visited)      Gauntlet (visited)

Altars:
Cheibriados
Dithmenos
Fedhas
Gozag
Hepliaklqana
Kikubaaqudgha
Makhleb
Nemelex Xobeh
Okawaru
Ru
Trog
Uskayaw
Vehumet
Wu Jian
Xom
Yredelemnul
Jiyva

Shops:
D:6 ?(*!(   D:15 :   Orc:1 [   Orc:2 ?*:(   Elf:1 =*   Elf:3 =[   Lair:5 [[
Spider:4 [   Vaults:1 [*   Vaults:2 ([:*   Vaults:3 =   Vaults:4 [(*!
Vaults:5 [(   Zot:2 [   Depths:1 *(([   Depths:3 =   Depths:4 =

Portals:
Hell: Depths:1 Depths:2 Depths:3 Depths:4
Abyss: Depths:1 Depths:3 Depths:4
Pandemonium: Depths:2
Ziggurat: Depths:3

Annotations:
Lair:5 exclusion: oklob plant


Innate Abilities, Weirdness & Mutations

You are somewhat resistant to further mutation.
[You are very dopey. (Int -4)]
[You are very frail. (-20% HP)]
[Potions cannot restore your health.]
[You sometimes lose the ability to drink potions when taking damage.]


Message History

The starcursed mass is distracted by your dazzling golden aura.
The red very ugly thing bites you but does no damage.
The raiju bursts into living lightning!
The living lightning hits the wretched star.
The wretched star resists.
The living lightning misses you.
The living lightning hits your +6 spectral broad axe.
Your +6 spectral broad axe resists.
Your spectral weapon shares its damage with you!
The raiju blinks!
* * * LOW HITPOINT WARNING * * *
The starcursed mass is distracted by your dazzling golden aura.
The starcursed mass touches your +6 spectral broad axe!
Your spectral weapon shares its damage with you!
* * * LOW HITPOINT WARNING * * *
The raiju is distracted by your dazzling golden aura.
The starcursed mass touches you but does no damage.
The wretched star pulses with an eldritch light!
You feel stupid. x2
The white very ugly thing is distracted by your dazzling golden aura. x3
The starcursed mass is distracted by your dazzling golden aura.
The smoke demon gestures at you.
The sticky flame hits the wretched star.
The wretched star resists.
The red very ugly thing closely misses you.
The white very ugly thing gurgles horribly! x2
You are more confused.
Your system rejects the healing.
You feel more invigorated.
The white ugly thing gurgles horribly! x2
The raiju is no longer distracted by gold.
The starcursed mass is no longer distracted by gold.
The raiju is no longer distracted by gold. x3
The starcursed mass is no longer distracted by gold.
The white very ugly thing is no longer distracted by gold.
The thrashing horror is distracted by your dazzling golden aura.
The raiju is distracted by your dazzling golden aura.
The small abomination is distracted by your dazzling golden aura.
A cacophony of accursed wailing tears at your sanity!
You feel threatened and lose the ability to drink potions!
You die...
Your body crumbles into a pile of gold.

# ## # .. ...#..###....
...#.....#.#...# .# #
...# ...#..#...
..#####..##..#.#...#..#
#........3..~... .~
#.#...§.....~.~.. ...
#..#..$*XuhX.~~....~. #
#.h$@XuX≈.~...~~. ..#
#.....huhX#.....$~.. ..
####h.~§XXh~.§.§.~.....
##...X..h~~.~~ . . .
#.uX~.X.~.~..~ ...#
..#Xx~~Xh~...~~.#.~..
.u.......h.. ~≈....
uuu#.#....#.....~.. ..
> ......#.~~..~. #


You could see 8 starcursed masses, 6 very ugly things, a wretched star, 2 ugly
things, 2 thrashing horrors, 2 large abominations, a smoke demon (unable to see
you), 9 raiju and a small abomination (unaware, unable to see you).

Vanquished Creatures
  5 dread liches
  6 ancient liches
  11 orbs of fire
  Mennas (Depths:4)
  A juggernaut (Depths:2)
  Boris (Vaults:3)
  2 shard shrikes (Coc:6)
  Saint Roka (Depths:4)
  5 Killer Klowns (Zot:5)
  The ghost of Xitz the Cryomancer, a veteran DsCj of Vehumet (Zot:4)
  A caustic shrike (Depths:3)
  6 golden dragons
  4 curse toes
  Geryon (Hell)
  Nikola (Shoals:1)
  4 profane servitors
  23 bone dragons
  An electric golem (Zot:5)
  Arachne (Spider:4)
  12 Ice Fiends
  6 hellephants
  Jorgrun (Shoals:2)
  A shard shrike skeleton (Abyss:5)
  25 Orb Guardians (Zot:5)
  17 tentacled monstrosities
  2 Hell Sentinels
  A walking earthen tome (Depths:2)
  23 liches
  2 deep elf master archers (Elf:3)
  6 searing wretches
  7 titans
  9 quicksilver dragons
  2 deep elf blademasters (Elf:3)
  4 death cobs
  An Executioner (Abyss:5)
  7 ancient champions
  58 tentacled starspawn
  The ghost of Busoho the Hoplite, an adept MiFi of Okawaru (Shoals:1)
  Kirke (Shoals:2)
  6 sphinxes
  14 shadow dragons
  6 tengu reavers
  7 revenants
  12 storm dragons
  Donald (Shoals:4)
  11 frost giants
  6 draconian monks
  Ilsuiw (Shoals:2)
  4 ghost moths
  4 daevas
  4 draconian knights
  14 fire giants
  6 narguns
  10 emperor scorpions
  23 vault wardens
  2 iron dragons
  3 cacodemons (Abyss:1)
  2 caustic shrike zombies
  14 draconian scorchers
  13 deep elf sorcerers
  11 balrugs
  Aizul (Shoals:1)
  4 draconian shifters
  5 shard shrike simulacra
  3 imperial myrmidons (Desolation)
  A juggernaut zombie (Depths:1)
  5 draconian annihilators
  9 ghouls
  Louise (Shoals:1)
  A curse skull (Crypt:3)
  4 deep elf elementalists
  7 reapers
  2 angels
  59 very ugly things
  5 draconian stormcallers
  8 war gargoyles
  9 stone giants
  4 broodmothers
  A caustic shrike skeleton (Crypt:2)
  A juggernaut skeleton (Crypt:2)
  5 starflowers
  17 ironbound preservers
  10 green draconians
  7 vampire knights
  6 black draconians
  7 ironbound thunderhulks
  An ophan (Abyss:1)
  15 elemental wellsprings
  12 dire elephants
  11 yellow draconians
  11 wendigos
  15 spark wasps
  10 deep elf annihilators
  A spark wasp (shapeshifter) (Depths:3)
  6 lorocyprocas
  2 bunyips (Abyss:1)
  6 purple draconians
  10 red draconians
  6 deep elf demonologists
  A minotaur (Gauntlet)
  2 halazid warlocks (Desolation)
  9 white draconians
  5 merfolk javelineers
  3 crystal guardians
  11 ettins
  A mummy priest (Crypt:3)
  The ghost of Guh Rysug the Carver, a journeyman DsGl of Okawaru (D:15)
  2 blizzard demons
  13 merfolk impalers
  13 deep elf death magi
  3 eidola
  5 ragged hierophants (Desolation)
  3 green deaths
  5 entropy weavers
  Josephine (D:13)
  5 deep elf high priests
  8 fire dragons
  6 jiangshi
  2 spriggan zombies
  Fannar (Orc:2)
  9 yaktaur captains
  4 salamander tyrants
  8 great orbs of eyes
  10 rakshasas
  9 servants of whispers (Desolation)
  5 spriggan air magi
  32 vault guards
  A hell beast (Hell)
  12 peacekeepers
  3 ice dragons
  An alligator snapping turtle (Shoals:4)
  3 jorogumos
  5 ogre magi
  A radroach (Spider:4)
  24 centaur warriors
  A boulder beetle (shapeshifter) (Vaults:5)
  6 hydras
  7 juggernaut simulacra
  4 boulder beetles
  10 caustic shrike simulacra
  5 merfolk avatars
  2 catoblepae
  2 spriggan skeletons
  A satyr (Shoals:4)
  20 two-headed ogres
  3 death knights
  2 merfolk aquamancers (Shoals:4)
  3 stokers
  An anaconda (shapeshifter) (Vaults:5)
  8 deep troll shamans
  A fenstrider witch skeleton (Crypt:2)
  13 ironbound frosthearts
  64 thrashing horrors
  Urug (D:13)
  49 hell hogs
  An orc high priest (Elf:3)
  26 dancing weapons
  10 death yaks
  9 vampire magi
  9 deep troll earth magi
  23 hell knights
  7 spriggan berserkers
  7 tengu warriors
  14 spriggans
  Sonja (Orc:2)
  A storm dragon zombie (Abyss:1)
  15 soul eaters
  30 sun demons
  14 deep elf knights
  16 sixfirhies
  A fire crab (Shoals:2)
  A titan skeleton (Crypt:2)
  Nergalle (Orc:1)
  50 wretched stars
  6 spatial maelstroms
  2 salamander mystics
  11 iron trolls
  An anaconda zombie (Crypt:3)
  A bunyip zombie (Abyss:1)
  5 sun moths
  A golden dragon zombie (Depths:1)
  9 skeletal warriors
  An elf simulacrum (Coc:2)
  14 sea snakes
  A death drake (Abyss:1)
  7 quicksilver dragon simulacra
  A death drake (shapeshifter) (Abyss:3)
  18 glowing orange brains
  12 pharaoh ants
  2 shadow demons (Abyss:2)
  A naga ritualist (Depths:1)
  52 deep trolls
  8 steelbarb worms
  2 shadow wraiths (Crypt:3)
  A kraken simulacrum (Shoals:4)
  15 phantasmal warriors
  A bog body (Crypt:3)
  7 flayed ghosts
  5 deep elf archers
  A steelbarb worm (shapeshifter) (Abyss:5)
  2 shadow dragon zombies (Abyss:1)
  4 lindwurms
  17 orb spiders
  30 ironbound convokers
  16 necromancers
  A fenstrider witch simulacrum (Coc:2)
  5 spriggan simulacra
  16 harpies
  10 wizards
  Pikel (D:6)
  19 deep elf zephyrmancers
  2 anaconda skeletons
  20 wolf spiders
  3 orc knights (Vaults:5)
  61 ugly things
  11 orc sorcerers
  A faun (shapeshifter) (Vaults:5)
  A frost giant zombie (Depths:1)
  7 salamanders
  32 deep elf pyromancers
  3 oklob plants (Abyss:4)
  2 will-o-the-wisps
  A mana viper (Abyss:4)
  10 cyclopes
  4 iron dragon zombies
  17 manticores
  23 worldbinders
  13 elephants
  12 fauns
  A salamander (shapeshifter) (Gauntlet)
  2 iron dragon skeletons
  8 apocalypse crabs
  30 moths of wrath
  13 merfolk sirens
  3 titan simulacra
  Maurice (D:9)
  21 vault sentinels
  3 dire elephant zombies
  6 black mambas
  A naga mage (Abyss:1)
  3 eyes of devastation
  A black mamba (shapeshifter) (Abyss:5)
  2 guardian serpents (Abyss:1)
  An ice statue (Vaults:4)
  12 rust devils
  2 centaur zombies
  A molten gargoyle (Hell)
  8 torpor snails
  3 water nymphs
  12 cane toads
  62 smoke demons
  18 orange demons
  A redback zombie (Crypt:3)
  A torpor snail (shapeshifter) (Vaults:2)
  2 naga skeletons
  13 freezing wraiths
  A dire elephant skeleton (Crypt:3)
  A red draconian zombie (Crypt:1)
  14 demonic crawlers
  2 unseen horrors
  An unseen horror (shapeshifter) (D:15)
  4 rime drakes
  3 centaur skeletons
  11 tormentors
  4 hellions
  9 komodo dragons
  35 yaktaurs
  3 ice devils
  A bunyip simulacrum (Hell)
  A swamp worm zombie (Crypt:1)
  3 tengu conjurers
  6 efreet
  17 hellwings
  A purple draconian skeleton (Crypt:2)
  31 merfolk
  2 iron giant simulacra
  9 anaconda simulacra
  34 ancient zymes
  9 guardian mummies (Crypt:3)
  A golden dragon simulacrum (Coc:5)
  8 harpy zombies
  A red devil (Hell)
  2 queen bees
  16 trolls
  A meliai (shapeshifter) (Abyss:1)
  A polar bear (shapeshifter) (D:15)
  A minotaur skeleton (Crypt:2)
  5 meliai
  7 wind drakes
  A blink frog (shapeshifter) (Abyss:1)
  10 hornets
  20 slime creatures
  4 polar bears (Lair:5)
  10 snapping turtles
  25 blink frogs
  A hydra skeleton (Crypt:2)
  30 tarantellas
  Prince Ribbit (D:9)
  122 raiju
  62 saltlings
  A great orb of eyes zombie (Crypt:1)
  4 harpy skeletons
  63 jumping spiders
  10 dream sheep
  A wind drake (shapeshifter) (Gauntlet)
  119 large abominations
  A centaur simulacrum (Crypt:2)
  8 shadows
  2 stone giant simulacra
  122 small abominations
  6 vampires
  20 water elementals
  17 flying skulls
  3 dire elephant simulacra
  2 fire dragon skeletons
  4 air elementals (Elf:3)
  6 wyverns
  32 ynoxinuls
  188 starcursed masses
  5 naga simulacra
  52 yaks
  21 culicivoras
  2 alligator snapping turtle simulacra
  A slime creature zombie (Crypt:2)
  18 wraiths
  5 hogs (Shoals:2)
  19 fire bats
  11 golden eyes
  5 fire elementals
  5 basilisks
  12 chaos spawn
  A steam dragon (shapeshifter) (Gauntlet)
  14 vampire mosquitoes
  4 steam dragons
  65 redbacks
  15 harpy simulacra
  2 naga zombies
  20 neqoxecs
  An entropy weaver zombie (Crypt:2)
  10 spatial vortices
  3 wargs
  3 nagas (Abyss:1)
  21 hell hounds
  A fire bat skeleton (Crypt:1)
  20 water moccasins
  A hydra simulacrum (Coc:5)
  A cane toad skeleton (Crypt:1)
  An ice beast (shapeshifter) (Vaults:5)
  5 sky beasts
  25 orc warriors
  6 black bears
  2 ice beasts
  3 ettin simulacra
  23 ogres
  A sky beast (shapeshifter) (Gauntlet)
  11 boggarts
  5 centaurs
  22 wolves
  A phantom (D:5)
  A lemure (D:6)
  2 kobold brigands
  10 bullfrogs
  A vine stalker zombie (Crypt:2)
  4 earth elementals
  5 necrophages
  A scorpion (D:5)
  A glowing shapeshifter simulacrum (Depths:3)
  A water moccasin zombie (Crypt:3)
  A salamander skeleton (Crypt:2)
  23 wights
  A water moccasin skeleton (Crypt:1)
  36 killer bees
  A shapeshifter zombie (Crypt:3)
  A warg skeleton (Crypt:2)
  15 electric eels
  7 howler monkeys
  A polar bear skeleton (Crypt:1)
  A crimson imp (Abyss:1)
  18 quasits (Abyss:1)
  12 orc priests
  5 hounds
  2 jellies
  A human zombie (Crypt:3)
  A gnoll bouda (D:5)
  18 iron imps
  Jessica (D:2)
  2 iguanas
  25 orc wizards
  Terence (D:2)
  A hound skeleton (Crypt:3)
  A mummy (Crypt:2)
  Robin (D:2)
  6 adders
  8 gnolls
  3 shadow imps
  A steam dragon skeleton (Crypt:3)
  14 white imps
  22 ufetubi
  An iguana zombie (Crypt:3)
  2 worms
  3 dart slugs
  64 orcs
  6 ball pythons
  A bat zombie (Shoals:1)
  4 endoplasms
  3 giant cockroaches (D:3)
  19 goblins
  13 hobgoblins
  3 jackals (D:1)
  4 quokkas
  A ball python zombie (Crypt:1)
  10 bats
  4 frilled lizards
  A goblin skeleton (Crypt:2)
  7 kobolds
  7 rats
  5 fire vortices
  10 lurking horrors
  65 starspawn tentacles
  A tentacle (Shoals:4)
4223 creatures vanquished.

Vanquished Creatures (collateral kills)
  An orc warlord (Orc:1)
1 creature vanquished.

Vanquished Creatures (others)
  A dread lich (Zot:4)
  3 ancient liches (Zot:4)
  An electric golem (Zot:5)
  A titan (Coc:3)
  A death cob (Zot:4)
  A fire giant (Geh:1)
  2 shard shrike simulacra
  2 ghost moths
  A draconian annihilator (Zot:4)
  An elemental wellspring (Coc:4)
  A red draconian (Zot:4)
  A yellow draconian (Zot:3)
  A deep elf annihilator (Elf:3)
  A wendigo (Coc:3)
  3 caustic shrike simulacra
  A sixfirhy (Abyss:1)
  6 spriggan simulacra
  A wizard (Vaults:3)
  A deep elf zephyrmancer (Elf:2)
  An oklob plant (Abyss:4)
  A manticore (Shoals:1)
  2 moths of wrath (Zot:4)
  A titan simulacrum (Coc:3)
  A hellion (Coc:1)
  An anaconda simulacrum (Coc:1)
  An iron giant simulacrum (Coc:3)
  A tengu conjurer (Elf:1)
  An ancient zyme (Abyss:5)
  A harpy zombie (Abyss:1)
  A tengu simulacrum (Coc:2)
  2 stone giant simulacra
  A centaur simulacrum (Coc:2)
  A jumping spider (Spider:1)
  A starcursed mass (Abyss:2)
  A dire elephant simulacrum (Abyss:1)
  A human (Shoals:2)
  3 golden eyes (Abyss:1)
  A redback (Spider:4)
  A chaos spawn (Abyss:1)
  3 harpy simulacra
  2 hydra simulacra
  An orc warrior (Vaults:5)
  2 ettin simulacra
  7 small abominations
  3 naga simulacra
  A white imp (Abyss:1)
  An ufetubus (Abyss:1)
  2 orcs
  A rat (D:2)
  2 demonic plants (Abyss:4)
  A fire vortex (Geh:3)
  6 foxfires
  20 fungi
  5 lurking horrors
  49 plants
  91 starspawn tentacles
  7 tentacles (Shoals:4)
258 creatures vanquished.

Grand Total: 4482 creatures vanquished

Notes
Turn   | Place    | Note
-------+----------+-------------------------------------------
     0 | D:1      | p00ps00p the Hill Orc Fighter began the quest for the Orb.
     0 | D:1      | Reached XP level 1. HP: 19/19 MP: 1/1
    69 | D:1      | Reached XP level 2. HP: 15/27 MP: 2/2
   762 | D:2      | Reached XP level 3. HP: 33/33 MP: 3/3
   806 | D:2      | Noticed Terence
   816 | D:2      | Killed Terence
   830 | D:2      | Reached XP level 4. HP: 22/40 MP: 4/4
  1006 | D:2      | Noticed Jessica
  1015 | D:2      | Killed Jessica
  1221 | D:2      | Reached XP level 5. HP: 47/47 MP: 5/5
  1221 | D:2      | Noticed Robin
  1230 | D:2      | Killed Robin
  2249 | D:4      | Found an ancient bone altar of Kikubaaqudgha.
  2249 | D:4      | Found an opulent altar of Gozag.
  2249 | D:4      | Found a hazy altar of Hepliaklqana.
  2249 | D:4      | Found a sacrificial altar of Ru.
  2250 | D:4      | Found a bloodstained altar of Trog.
  2250 | D:4      | Found a blossoming altar of Fedhas.
  2252 | D:4      | Found a burning altar of Makhleb.
  2252 | D:4      | Found a basalt altar of Yredelemnul.
  2252 | D:4      | Found a hide-covered altar of Uskayaw.
  2254 | D:4      | Reached skill level 5 in Fighting
  2254 | D:4      | Reached XP level 6. HP: 56/56 MP: 6/6
  2264 | D:4      | Became a worshipper of Gozag Ym Sagoz the Greedy
  2350 | D:4      | Noticed a black bear
  2364 | D:4      | Killed a black bear
  2365 | D:4      | Reached skill level 5 in Axes
  2365 | D:4      | Reached skill level 5 in Armour
  2478 | D:4      | Reached skill level 5 in Shields
  2748 | D:5      | Entered Level 5 of the Dungeon
  2756 | D:5      | Found a staircase to the Ecumenical Temple.
  2780 | D:5      | Reached XP level 7. HP: 61/61 MP: 7/7
  2846 | D:5      | Noticed a wyvern
  2855 | D:5      | Killed a wyvern
  2985 | D:5      | Reached XP level 8. HP: 56/71 MP: 8/8
  3938 | D:6      | Found Takar's Antique Weapon Shop.
  4391 | D:6      | You are sucked into a shaft and drop 2 floors!
  4409 | D:8      | Found an iron altar of Okawaru.
  4557 | D:8      | Found a staircase to the Lair.
  5022 | D:7      | Found a shadowy altar of Dithmenos.
  5073 | D:7      | Found a sparkling altar of Nemelex Xobeh.
  5074 | D:7      | Found an ornate altar of the Wu Jian Council.
  5110 | D:7      | Reached XP level 9. HP: 79/79 MP: 9/9
  5164 | D:7      | Noticed a troll
  5171 | D:7      | Killed a troll
  5522 | D:6      | Found Ridd's Assorted Antiques.
  5532 | D:6      | Noticed Pikel
  5537 | D:6      | Killed Pikel
  5564 | D:6      | Bought a pink potion for 25 gold pieces
  5564 | D:6      | Bought a scroll of enchant weapon for 210 gold pieces
  5564 | D:6      | Bought a scroll labelled FUINOU LUFUI for 28 gold pieces
  5564 | D:6      | Bought a scroll of identify for 56 gold pieces
  5774 | D:6      | Found Tody's Weapon Shop.
  5829 | D:6      | Found Zahe's Distillery.
  5835 | D:6      | Bought a potion of ambrosia for 80 gold pieces
  5835 | D:6      | Bought a potion of might for 40 gold pieces
  5835 | D:6      | Bought 2 potions of might for 80 gold pieces
  5835 | D:6      | Bought 2 potions of berserk rage for 100 gold pieces
  6203 | D:6      | Found Liesoofa's Magic Scroll Shop.
  6206 | D:6      | Bought a scroll of enchant armour for 105 gold pieces
  6401 | D:7      | Noticed a hornet
  6406 | D:7      | Killed a hornet
  6517 | D:7      | Reached XP level 10. HP: 91/91 MP: 10/10
  6531 | D:7      | Noticed a cyclops
  6542 | D:7      | Killed a cyclops
  7463 | D:8      | Reached skill level 10 in Axes
  7806 | D:9      | Found a staircase to the Orcish Mines.
  7822 | D:9      | Reached skill level 10 in Fighting
  8046 | D:9      | Noticed Prince Ribbit
  8054 | D:9      | Killed Prince Ribbit
  8185 | D:9      | Reached XP level 11. HP: 88/101 MP: 11/11
  8306 | D:9      | Reached skill level 10 in Armour
  8418 | D:9      | Noticed Maurice
  8427 | D:9      | Killed Maurice
  8428 | D:9      | Reached skill level 10 in Shields
  8658 | D:9      | Noticed a brown ugly thing
  8658 | D:9      | Noticed a deep elf pyromancer
  8665 | D:9      | Killed a deep elf pyromancer
  8669 | D:9      | Killed a brown ugly thing
  8850 | D:10     | Entered Level 10 of the Dungeon
  8883 | Orc:1    | Entered Level 1 of the Orcish Mines
  9014 | Orc:2    | Entered Level 2 of the Orcish Mines
  9014 | Orc:2    | Noticed an orc warlord
  9498 | Orc:2    | Noticed a deep troll
  9534 | Orc:1    | Bought a +0 pair of gloves of infusion for 172 gold pieces
  9825 | Orc:1    | Killed a deep troll
 10597 | Orc:2    | Noticed a two-headed ogre
 10611 | Orc:2    | Noticed a two-headed ogre
 10612 | Orc:2    | Noticed a two-headed ogre
 10616 | Orc:2    | Noticed a two-headed ogre
 10616 | Orc:2    | Noticed a deep troll
 10617 | Orc:2    | Noticed a two-headed ogre
 10617 | Orc:2    | Noticed an ogre mage
 10617 | Orc:2    | Noticed a two-headed ogre
 10620 | Orc:2    | Noticed an orc sorcerer
 10629 | Orc:1    | Killed a two-headed ogre
 10902 | Orc:1    | Killed a deep troll
 10903 | Orc:1    | Reached XP level 12. HP: 50/112 MP: 0/12
 10910 | Orc:1    | Killed a two-headed ogre
 10921 | Orc:1    | Bought a +1 cloak of poison resistance for 202 gold pieces
 11395 | Orc:2    | Noticed an ogre mage
 11403 | Orc:1    | Killed a two-headed ogre
 11404 | Orc:1    | Killed a two-headed ogre
 11695 | Orc:1    | Paralysed by an orc sorcerer for 2 turns
 11705 | Orc:1    | Killed a two-headed ogre
 11981 | Orc:2    | Noticed a two-headed ogre
 11986 | Orc:1    | Killed a two-headed ogre
 12127 | Orc:1    | Killed a two-headed ogre
 12622 | Orc:1    | HP: 1/113 [orc warlord/+3 glaive (17)]
 12623 | Orc:1    | Killed an orc warlord
 13215 | Orc:2    | Killed an ogre mage
 13231 | Orc:2    | Noticed a two-headed ogre
 13238 | Orc:2    | Killed an ogre mage
 13243 | Orc:2    | Killed a two-headed ogre
 13244 | Orc:2    | Found Askablah's Weapon Emporium.
 13248 | Orc:2    | Found Syesam's Assorted Antiques.
 13253 | Orc:2    | Found Jicvar's Book Shop.
 13255 | Orc:2    | Found Xerelafy's Magic Scroll Shop.
 13336 | Orc:2    | Bought a scroll of brand weapon for 114 gold pieces
 13336 | Orc:2    | Bought a scroll of brand weapon for 114 gold pieces
 13428 | Orc:2    | Found a staircase to the Elven Halls.
 13475 | Orc:2    | Reached XP level 13. HP: 122/122 MP: 10/13
 13711 | Orc:2    | Noticed Sonja
 13736 | Orc:2    | Killed Sonja
 14150 | Orc:2    | Bought a scroll of brand weapon for 114 gold pieces
 14150 | Orc:2    | Bought a scroll of teleportation for 36 gold pieces
 14150 | Orc:2    | Bought a scroll of magic mapping for 90 gold pieces
 14183 | Orc:2    | Bought a scroll of enchant weapon for 247 gold pieces
 14183 | Orc:2    | Bought a scroll labelled NIRERR OLUFFO for 33 gold pieces
 14183 | Orc:2    | Bought an iron wand for 132 gold pieces
 14492 | Orc:1    | Noticed Nergalle
 14493 | Orc:1    | Noticed Fannar
 14502 | Orc:2    | Killed Fannar
 14919 | Orc:1    | Killed Nergalle
 15113 | Orc:1    | Found a radiant altar of Vehumet.
 17198 | D:11     | Reached skill level 15 in Axes
 17547 | Lair:1   | Entered Level 1 of the Lair of Beasts
 18642 | Lair:2   | Reached XP level 14. HP: 133/133 MP: 11/14
 18720 | Lair:2   | Identified the +2 robe of Xaiciuno {Harm Drain Will+++
                  | Slay+4}
 18770 | Lair:2   | You fall into a shaft and drop 2 floors!
 18870 | Lair:4   | Found a viscous altar of Jiyva.
 18870 | Lair:4   | Found a staircase to the Slime Pits.
 18932 | Lair:4   | Identified the +4 trident "Niojuaraw" {flame, rElec Dex+4}
 19307 | Lair:4   | Reached skill level 15 in Fighting
 19893 | Lair:4   | Identified a scroll of acquirement
 19894 | Lair:4   | Acquired the ring "Refueczo" {Fly rElec rPois Str+7 Int+6}
 19904 | Lair:5   | Entered Level 5 of the Lair of Beasts
 20582 | Lair:5   | Reached XP level 15. HP: 108/143 MP: 9/15
 20817 | Lair:5   | Found a snail-covered altar of Cheibriados.
 21607 | Lair:5   | Reached skill level 15 in Armour
 21608 | Lair:5   | Reached skill level 15 in Shields
 22034 | Lair:5   | Bought a +1 chain mail of willpower for 214 gold pieces
 22034 | Lair:5   | Bought a +2 tower shield of fire resistance for 279 gold
                  | pieces
 22081 | Lair:5   | Bought a dazzling chain mail for 218 gold pieces
 22081 | Lair:5   | Identified the +1 chain mail of the Shrike {Rampage rElec
                  | Will- Str-5 Dex+6} (You bought it in a shop on level 5 of
                  | the Lair of Beasts)
 22083 | Lair:5   | Bought a pair of runed gloves for 172 gold pieces
 22083 | Lair:5   | Bought a pair of embroidered gloves for 172 gold pieces
 22352 | Lair:3   | Found a staircase to the Shoals.
 22484 | Lair:3   | Found a hole to the Spider Nest.
 24262 | D:13     | Noticed Josephine
 24287 | D:13     | Killed Josephine
 24313 | D:13     | Noticed Urug
 24337 | D:13     | Killed Urug
 24438 | D:13     | Found a gate to the Vaults.
 24482 | D:13     | Found a gate leading to a gauntlet.
 24492 | Gauntlet | Entered a Gauntlet
 24492 | Gauntlet | Found a transporter.
 24493 | Gauntlet | Found a runed translucent gate.
 24493 | Gauntlet | Found a runed translucent gate.
 24496 | Gauntlet | Found a runed translucent gate.
 24507 | Gauntlet | Found a transporter.
 24518 | Gauntlet | Found a transporter.
 24519 | Gauntlet | Found a transporter.
 24527 | Gauntlet | Found a transporter.
 24530 | Gauntlet | Found a transporter.
 24531 | Gauntlet | Found a transporter.
 24540 | Gauntlet | Found a transporter.
 24543 | Gauntlet | Found a transporter.
 24544 | Gauntlet | Found a transporter.
 24552 | Gauntlet | Found a transporter.
 24555 | Gauntlet | Found a transporter.
 24556 | Gauntlet | Found a transporter.
 24560 | Gauntlet | Found a runed translucent door.
 24562 | Gauntlet | Found a runed translucent door.
 24564 | Gauntlet | Found a transporter.
 24853 | Gauntlet | Identified the -1 pair of boots of the Intense God {+Inv
                  | rPois Regen+ Int-3}
 24922 | Gauntlet | Identified the +5 pearl dragon scales of Acew {Fly rElec
                  | rN+ Stlth+}
 25022 | D:13     | Reached XP level 16. HP: 147/155 MP: 13/16
 25982 | D:14     | Found a shimmering altar of Xom.
 25996 | D:14     | Found a shimmering altar of Xom.
 25998 | D:14     | Found a shimmering altar of Xom.
 26550 | D:15     | Entered Level 15 of the Dungeon
 26654 | D:15     | Found a staircase to the Depths.
 26687 | D:15     | Found Vaodgh's Book Shop.
 26851 | D:15     | Got the Commentary on the Spatial Commander
 27018 | D:15     | Found a transporter.
 27091 | D:15     | Noticed Guh Rysug's ghost (journeyman DsGl)
 27140 | D:15     | Found a transporter.
 27369 | D:15     | Killed Guh Rysug's ghost
 27420 | D:15     | Identified the ring "Ylev Usk" {Fly rC++ Str+3 Int-4
                  | Stlth+}
 27615 | Elf:1    | Entered Level 1 of the Elven Halls
 27618 | Elf:1    | Bought a scroll of magic mapping for 217 gold pieces
 27618 | Elf:1    | Bought a potion of curing for 87 gold pieces
 28734 | Elf:2    | Found a runed translucent gate.
 28734 | Elf:2    | Found a runed translucent gate.
 28737 | Elf:2    | Found a runed translucent gate.
 28971 | Elf:2    | Reached XP level 17. HP: 165/165 MP: 15/17
 30317 | Elf:1    | Bought the amulet of Zamust {Acrobat Rampage Fly Slay+2}
                  | for 617 gold pieces
 30463 | Spider:1 | Entered Level 1 of the Spider Nest
 32016 | Spider:2 | Reached XP level 18. HP: 176/176 MP: 13/18
 34520 | Spider:4 | Entered Level 4 of the Spider Nest
 34767 | Elf:1    | Bought the ring "Pilieger" {*Slow rC+ rN+ Str+2 SInv} for
                  | 413 gold pieces
 36185 | Spider:4 | Reached XP level 19. HP: 187/187 MP: 5/19
 36339 | Spider:4 | Bought a shiny kite shield for 255 gold pieces
 36600 | Spider:4 | Noticed Arachne
 36609 | Spider:4 | Killed Arachne
 37208 | Spider:4 | Got a gossamer rune of Zot
 37755 | Shoals:1 | Entered Level 1 of the Shoals
 38054 | Shoals:1 | Found a large runed translucent door.
 38056 | Shoals:1 | Found a large runed translucent door.
 38057 | Shoals:1 | Noticed Busoho's ghost (adept MiFi)
 38078 | Shoals:1 | Noticed Louise
 38090 | Shoals:1 | Killed Louise
 38174 | Shoals:1 | Noticed Nikola
 38184 | Shoals:1 | Noticed Aizul
 38187 | Shoals:1 | Killed Nikola
 38199 | Shoals:1 | Killed Aizul
 39036 | Shoals:1 | Killed Busoho's ghost
 39172 | Shoals:2 | Noticed Jorgrun
 39182 | Shoals:2 | Killed Jorgrun
 39935 | Shoals:2 | Noticed Kirke
 39946 | Shoals:2 | Killed Kirke
 40128 | Shoals:2 | Noticed Ilsuiw
 40140 | Shoals:2 | Killed Ilsuiw
 42007 | Shoals:4 | Entered Level 4 of the Shoals
 42097 | Shoals:4 | Reached XP level 20. HP: 189/198 MP: 16/20
 42902 | Shoals:4 | Identified the amulet "Nurhom" {Spirit rCorr Stlth+}
 43007 | Shoals:4 | Noticed Donald
 43026 | Shoals:4 | Killed Donald
 43552 | Shoals:4 | Got a barnacled rune of Zot
 44211 | Elf:3    | Entered Level 3 of the Elven Halls
 44563 | Elf:3    | Acquired the +1 pair of boots of Wariness {Rampage Drain
                  | Stlth+}
 44966 | Elf:3    | Noticed a Brimstone Fiend
 45007 | Elf:3    | Paralysed by an air elemental for 1 turns
 45316 | Elf:3    | Identified the +6 flail "Giant's Undoing" {flame, Int+2}
 46017 | Elf:3    | Found Xuproble's Antique Armour Shoppe.
 46324 | Elf:3    | Identified the +3 scimitar "Jepeeres" {elec, rF+ rCorr}
 46511 | Elf:3    | Got the Omnibus of Shaping and Terrain
 46513 | Elf:3    | Identified the +8 shortbow of Dulaokk {drain, rPois Dex+3}
 46551 | Elf:3    | Got the Almanac of Destructive Transfiguration
 46636 | Elf:3    | Found the +10 zealot's sword {holy, *Rage rN+ EV+3}
 46652 | Elf:3    | Identified the ring of Orchooschi {rN++ EV+4 Str-3 Int+2
                  | Dex+2}
 47087 | Vaults:1 | Entered Level 1 of the Vaults
 47188 | Vaults:1 | Reached XP level 21. HP: 180/205 MP: 12/21
 49285 | Vaults:1 | Found Viunlufo's Antique Armour Boutique.
 49466 | Vaults:2 | Found a staircase to the Crypt.
 49622 | Vaults:2 | Identified the ring of Cynicism {Wiz Drain rElec Str+9
                  | SInv}
 49953 | Vaults:2 | Found Fefex's Weapon Shop.
 49987 | Vaults:2 | You are sucked into a shaft and drop 2 floors!
 50033 | Vaults:4 | Found Qetuorukhe's Assorted Antiques.
 50051 | Vaults:4 | Bought a scroll of brand weapon for 351 gold pieces
 50057 | Vaults:4 | Found a crumbling gateway.
 50084 | Desolati | Entered the Desolation of Salt
 50502 | Desolati | Reached XP level 22. HP: 192/220 MP: 0/22
 50669 | Desolati | Identified the ring of Funneaw {rPois rC- Will++ rCorr
                  | Int+2}
 50681 | Desolati | Identified the +9 longbow of Demonic Forgiveness {drain,
                  | Str+4}
 50858 | Desolati | Identified the +4 battleaxe "Murmur" {vorpal, Str-3 Int+7}
 51161 | Desolati | Identified the ring of Life {rPois rN+ Str+2 Int-2}
 51178 | Desolati | Identified the ring "Jufow" {rPois Will+}
 51181 | Desolati | Identified the +1 pair of boots "Ziempociasm" {+Blink rF+}
 51432 | Vaults:4 | Found a gateway to a bazaar.
 51442 | Bazaar   | Entered a bazaar
 51442 | Bazaar   | Found Wepubikh's Antique Weapon Boutique.
 51475 | Bazaar   | Found Plog's Jewellery Shoppe.
 51495 | Bazaar   | Found Zeriut's Antique Armour Boutique.
 51511 | Bazaar   | Found Zouc's Distillery.
 51511 | Bazaar   | Found Xeuptiff's General Store.
 51527 | Bazaar   | Bought a wand of charming (3) for 93 gold pieces
 51527 | Bazaar   | Bought a potion of mutation for 104 gold pieces
 51527 | Bazaar   | Bought a potion of might for 52 gold pieces
 51535 | Bazaar   | Bought a potion of curing for 48 gold pieces
 51535 | Bazaar   | Bought a potion of curing for 48 gold pieces
 51535 | Bazaar   | Bought a potion of mutation for 128 gold pieces
 51535 | Bazaar   | Bought a potion of haste for 160 gold pieces
 51535 | Bazaar   | Bought a potion of cancellation for 128 gold pieces
 51535 | Bazaar   | Bought 2 potions of heal wounds for 160 gold pieces
 51535 | Bazaar   | Bought a potion of heal wounds for 80 gold pieces
 51921 | Vaults:4 | Found Qaesen's Antique Armour Boutique.
 52463 | Vaults:4 | Found Illus's Distillery.
 52471 | Vaults:4 | Bought a potion of curing for 69 gold pieces
 52471 | Vaults:4 | Bought a potion of mutation for 184 gold pieces
 52471 | Vaults:4 | Bought a potion of heal wounds for 115 gold pieces
 52471 | Vaults:4 | Bought a potion of curing for 69 gold pieces
 52471 | Vaults:4 | Bought a potion of curing for 69 gold pieces
 52471 | Vaults:4 | Bought a potion of invisibility for 184 gold pieces
 52471 | Vaults:4 | Bought a potion of mutation for 184 gold pieces
 52471 | Vaults:4 | Bought a potion of resistance for 230 gold pieces
 53053 | Vaults:4 | Found Kolov's Weapon Boutique.
 54551 | Vaults:3 | Noticed Boris
 54579 | Vaults:3 | Killed Boris
 55397 | Vaults:3 | Reached XP level 23. HP: 229/229 MP: 17/23
 55963 | Vaults:3 | Bought the amulet of Hoavezua {Reflect rF+ SH+5} for 748
                  | gold pieces
 56472 | Vaults:2 | Found Komukobi's Assorted Antiques.
 56765 | Vaults:2 | Found Ibuyr's Antique Armour Shoppe.
 57143 | Vaults:2 | Found Ysom's Book Emporium.
 57433 | Vaults:2 | Acquired the +0 pair of gloves of Grace {Will++ rCorr}
 57515 | Vaults:5 | Entered Level 5 of the Vaults
 58231 | Vaults:5 | HP: 8/232 [ironbound convoker/+2 broad axe of electrocution
                  | (8)]
 58568 | Vaults:5 | Noticed an ancient lich
 58582 | Vaults:5 | Killed an ancient lich
 58607 | Vaults:5 | Identified the +4 mace of Guile {flame, Dex+6}
 58636 | Vaults:5 | Identified the +1 leather armour of the Griffon {rCorr}
 58676 | Vaults:5 | Got Simmy's Encyclopedia of the Throng
 58798 | Vaults:5 | Identified the +7 scimitar "Duseikk" {spect, rC+}
 58927 | Vaults:5 | Identified the +5 falchion of Zejeh {flame, rN++}
 58936 | Vaults:5 | Reached XP level 24. HP: 200/242 MP: 23/23
 58983 | Vaults:5 | Identified the ring "Difuisch" {rElec rC+ Will- Str+2 SInv}
 59055 | Vaults:5 | Reached skill level 27 in Axes
 59718 | Vaults:5 | Identified the +5 fire dragon scales "Ifaovah" {rF++ rC-
                  | Int-3 Dex+6 SInv Stlth+}
 59725 | Vaults:5 | Got a silver rune of Zot
 59832 | Vaults:5 | Found Linu's Antique Weapon Shop.
 60141 | Vaults:5 | Lost intelligence.
 60313 | Vaults:2 | Bought the +3 pair of mountain boots {steadfast, rC+} for
                  | 1407 gold pieces
 60313 | Vaults:2 | Found the +3 pair of mountain boots {steadfast, rC+}
 60470 | Depths:1 | Entered Level 1 of the Depths
 61025 | Depths:1 | Identified the +2 helmet "Giudghom" {Str-4 Int+7}
 61601 | Depths:1 | Found Oniepp's Serpentskin Sales.
 61890 | Depths:1 | Found a gateway to Hell.
 61911 | Depths:1 | Found a one-way gate to the infinite horrors of the Abyss.
 63207 | Depths:2 | Reached XP level 25. HP: 96/253 MP: 23/23
 63575 | Depths:2 | Identified the +7 scale mail of the Shining Light {Rampage}
 63659 | Depths:2 | Found a one-way gate leading to the halls of Pandemonium.
 64098 | Depths:3 | Noticed a juggernaut
 64130 | Depths:2 | Killed a juggernaut
 64508 | Depths:3 | Identified the +2 great sword of Sloth {freeze, rC+ rN+
                  | MP-9 Int+2}
 64886 | Depths:3 | Found a one-way gateway to a ziggurat.
 65137 | Depths:3 | Reached skill level 27 in Fighting
 65756 | Depths:4 | Entered Level 4 of the Depths
 66151 | Depths:4 | Noticed Saint Roka
 66165 | Depths:4 | Killed Saint Roka
 66288 | Depths:4 | Noticed Mennas
 66313 | Depths:4 | Killed Mennas
 66788 | Depths:4 | Found an ornate altar of the Wu Jian Council.
 67278 | Depths:4 | Identified the +5 demon whip of the Lurker {vamp, rPois rC+
                  | Int+2}
 67383 | Depths:4 | Found a gate to the Realm of Zot.
 67610 | Depths:4 | Bought the amulet of Vitality {RegenMP++ Regen++} for 1700
                  | gold pieces
 67610 | Depths:4 | Found the amulet of Vitality {RegenMP++ Regen++}
 68032 | Depths:1 | Voluntarily entered the Abyss.
 68068 | Abyss:1  | Found a corrupted altar of Lugonu.
 68317 | Abyss:1  | Reached XP level 26. HP: 245/266 MP: 23/23
 68888 | Abyss:1  | Found a corrupted altar of Lugonu.
 69096 | Abyss:1  | Found a corrupted altar of Lugonu.
 69261 | Abyss:1  | Gained mutation: You are occasionally teleported next to
                  | monsters. [a neqoxec]
 70104 | Abyss:1  | Reached skill level 27 in Armour
 70127 | Abyss:1  | Reached skill level 27 in Shields
 70152 | Abyss:1  | Reached skill level 1 in Maces & Flails
 70152 | Abyss:1  | Reached skill level 1 in Polearms
 70167 | Abyss:1  | Reached skill level 1 in Stealth
 70168 | Abyss:1  | Reached skill level 1 in Dodging
 70322 | Abyss:1  | Noticed an ancient lich
 70361 | Abyss:1  | Killed an ancient lich
 70599 | Abyss:1  | Reached XP level 27. HP: 261/273 MP: 23/23
 71079 | Abyss:1  | Reached skill level 5 in Maces & Flails
 71079 | Abyss:1  | Reached skill level 5 in Polearms
 71388 | Depths:1 | Escaped the Abyss
 71389 | Depths:1 | Upgraded the game from 0.30-a0-469-g84de5afbc5 to
                  | 0.30-a0-475-g03497ec522
 71391 | Depths:1 | Lost mutation: You are occasionally teleported next to
                  | monsters. [potion of mutation]
 71391 | Depths:1 | Gained mutation: You are strong-willed. (Will+) [potion of
                  | mutation]
 71391 | Depths:1 | Gained mutation: You have a pair of small horns on your
                  | head. [potion of mutation]
 71394 | Depths:1 | Lost mutation: You are strong-willed. (Will+) [potion of
                  | mutation]
 71394 | Depths:1 | Lost mutation: You have a pair of small horns on your head.
                  | [potion of mutation]
 71394 | Depths:1 | Gained mutation: Your body sometimes deteriorates upon
                  | taking damage. [potion of mutation]
 71394 | Depths:1 | Gained mutation: [You are frail. (-10% HP)] [potion of
                  | mutation]
 71395 | Depths:1 | Lost mutation: Your body sometimes deteriorates upon taking
                  | damage. [potion of mutation]
 71395 | Depths:1 | Lost mutation: [You are frail. (-10% HP)] [potion of
                  | mutation]
 71395 | Depths:1 | Gained mutation: You have a pair of small horns on your
                  | head. [potion of mutation]
 71395 | Depths:1 | Gained mutation: Your muscles are strong. (Str +4, Int/Dex
                  | -1) [potion of mutation]
 71396 | Depths:1 | Lost mutation: Your muscles are strong. (Str +4, Int/Dex
                  | -1) [potion of mutation]
 71396 | Depths:1 | Lost mutation: You have a pair of small horns on your head.
                  | [potion of mutation]
 71396 | Depths:1 | Gained mutation: Your spells are a little easier to cast,
                  | but a little less powerful. [potion of mutation]
 71415 | Depths:1 | Voluntarily entered the Abyss.
 71867 | Abyss:1  | Reached skill level 5 in Stealth
 72545 | Abyss:1  | Reached skill level 5 in Dodging
 73312 | Depths:1 | Escaped the Abyss
 73854 | Depths:1 | Bought a glowing broad axe for 217 gold pieces
 73857 | Depths:1 | Voluntarily entered the Abyss.
 75805 | Abyss:1  | Noticed an ancient lich
 75818 | Abyss:1  | Killed an ancient lich
 76742 | Abyss:1  | Noticed an ancient lich
 76769 | Abyss:1  | Killed an ancient lich
 76770 | Abyss:1  | Reached skill level 10 in Maces & Flails
 76770 | Abyss:1  | Reached skill level 10 in Polearms
 78577 | Abyss:4  | Found a corrupted altar of Lugonu.
 78666 | Abyss:4  | Paralysed by accursed screaming for 1 turns
 78727 | Abyss:4  | Reached skill level 10 in Stealth
 78750 | Abyss:4  | Got an abyssal rune of Zot
 79123 | Depths:1 | Escaped the Abyss
 79824 | Depths:1 | Bought the +2 hood of the Assassin {Detection Stab+
                  | Stlth++} for 2160 gold pieces
 79824 | Depths:1 | Found the +2 hood of the Assassin {Detection Stab+ Stlth++}
 79836 | Depths:1 | Bought a pitted helmet for 342 gold pieces
 79836 | Depths:1 | Identified the +5 helmet of the Enchanted Forest {Int+2
                  | Stlth+} (You bought it in a shop on level 1 of the Depths)
 80008 | Crypt:1  | Entered Level 1 of the Crypt
 80909 | Crypt:2  | Reached skill level 10 in Dodging
 81865 | Crypt:3  | Entered Level 3 of the Crypt
 82992 | Crypt:3  | Found a staircase to the Tomb.
 83047 | Crypt:3  | Noticed a dread lich
 83073 | Crypt:3  | Killed a dread lich
 83095 | Crypt:3  | Got the Parchment of the Dead
 83241 | Crypt:3  | Found an ancient bone altar of Kikubaaqudgha.
 83649 | Zot:1    | Entered Level 1 of the Realm of Zot
 85238 | Zot:2    | Noticed an orb of fire
 85245 | Zot:2    | Killed an orb of fire
 86967 | Zot:3    | Reached skill level 15 in Polearms
 87415 | Zot:2    | Reached skill level 15 in Maces & Flails
 88374 | Zot:4    | Noticed an orb of fire
 88492 | Zot:4    | Gained mutation: You are agile. (Dex +4, Str/Int -1) [an
                  | orb of fire]
 88496 | Zot:4    | Killed an orb of fire
 88906 | Zot:4    | Found a runed translucent gate.
 88906 | Zot:4    | Found a runed translucent gate.
 88906 | Zot:4    | Found a runed translucent gate.
 88907 | Zot:4    | Found an ancient bone altar of Kikubaaqudgha.
 88908 | Zot:4    | Noticed a dread lich
 88908 | Zot:4    | Noticed an ancient lich
 88908 | Zot:4    | Noticed an ancient lich
 88908 | Zot:4    | Noticed an ancient lich
 88908 | Zot:4    | Found the +3 crown of Dyrovepreva {rElec Int+2 SInv}
 88909 | Zot:4    | Noticed Xitz's ghost (veteran DsCj)
 89082 | Zot:4    | Found a shadowy altar of Dithmenos.
 89396 | Zot:4    | Killed a dread lich
 89398 | Zot:4    | Killed an ancient lich
 89398 | Zot:4    | Killed an ancient lich
 89401 | Zot:4    | Killed an ancient lich
 89406 | Zot:4    | Killed Xitz's ghost
 89433 | Zot:4    | Identified the +5 pair of gloves of Atwomm {rN++ Will-}
 89438 | Zot:4    | Identified the amulet of Igan {Faith rElec rC- rN+++ Dex+7}
 89506 | Zot:5    | Entered Level 5 of the Realm of Zot
 89913 | Zot:5    | Identified the ring of Jouj Xopt {Fly rF+ Will- Slay+3
                  | SInv}
 89961 | Zot:5    | Noticed a dread lich
 89968 | Zot:5    | Noticed an orb of fire
 89973 | Zot:5    | Noticed an orb of fire
 90377 | Zot:5    | Noticed a dread lich
 90381 | Zot:5    | Noticed an orb of fire
 90383 | Zot:5    | Noticed an orb of fire
 90389 | Zot:5    | Gained mutation: Your spells are easier to cast, but less
                  | powerful. [an orb of fire]
 90391 | Zot:5    | Noticed an orb of fire
 90394 | Zot:5    | Gained mutation: You are covered in fur. (AC +1) [an orb of
                  | fire]
 90424 | Zot:5    | Gained mutation: [You are frail. (-10% HP)] [an orb of
                  | fire]
 92088 | Zot:5    | Gained mutation: Armour fits poorly on your strangely
                  | shaped body. [an orb of fire]
 92094 | Zot:5    | Killed an orb of fire
 92101 | Zot:5    | Gained mutation: [You are very frail. (-20% HP)] [an orb of
                  | fire]
 92106 | Zot:5    | Lost mutation: [You are very frail. (-20% HP)] [an orb of
                  | fire]
 92114 | Zot:5    | Gained mutation: [You are dopey. (Int -2)] [an orb of fire]
 92115 | Zot:5    | Killed an orb of fire
 92118 | Zot:5    | Lost mutation: Your spells are easier to cast, but less
                  | powerful. [potion of mutation]
 92118 | Zot:5    | Lost mutation: Armour fits poorly on your strangely shaped
                  | body. [potion of mutation]
 92118 | Zot:5    | Lost mutation: You are agile. (Dex +4, Str/Int -1) [potion
                  | of mutation]
 92118 | Zot:5    | Gained mutation: You have a pair of small horns on your
                  | head. [potion of mutation]
 92119 | Zot:5    | Lost mutation: Your spells are a little easier to cast, but
                  | a little less powerful. [potion of mutation]
 92119 | Zot:5    | Lost mutation: You are covered in fur. (AC +1) [potion of
                  | mutation]
 92119 | Zot:5    | Gained mutation: You are agile. (Dex +4, Str/Int -1)
                  | [potion of mutation]
 92119 | Zot:5    | Gained mutation: You passively dampen the noise of your
                  | surroundings. [potion of mutation]
 92119 | Zot:5    | Lost mutation: [You are frail. (-10% HP)] [potion of
                  | mutation]
 92224 | Zot:5    | Noticed an orb of fire
 92225 | Zot:5    | Noticed an orb of fire
 92235 | Zot:5    | Gained mutation: Your magical capacity is low. (-10% MP)
                  | [an orb of fire]
 92238 | Zot:5    | Gained mutation: You sometimes lose your temper in combat.
                  | [an orb of fire]
 92239 | Zot:5    | Paralysed by a Zot trap for 4 turns
 92240 | Zot:5    | Gained mutation: Your body sometimes deteriorates upon
                  | taking damage. [an orb of fire]
 92249 | Zot:5    | Killed an orb of fire
 92249 | Zot:5    | Gained mutation: You occasionally shout uncontrollably at
                  | your foes. [an orb of fire]
 92255 | Zot:5    | Killed an orb of fire
 92256 | Zot:5    | Killed an orb of fire
 92286 | Zot:5    | Noticed a dread lich
 92296 | Zot:5    | Noticed an orb of fire
 92297 | Zot:5    | Noticed an orb of fire
 92304 | Zot:5    | Gained mutation: Your spells are a little easier to cast,
                  | but a little less powerful. [an orb of fire]
 92308 | Zot:5    | Gained mutation: [Potions are less effective at restoring
                  | your health.] [an orb of fire]
 92794 | Zot:4    | Lost mutation: You sometimes lose your temper in combat.
                  | [potion of mutation]
 92794 | Zot:4    | Lost mutation: [You are dopey. (Int -2)] [potion of
                  | mutation]
 92794 | Zot:4    | Lost mutation: You are agile. (Dex +4, Str/Int -1) [potion
                  | of mutation]
 92794 | Zot:4    | Gained mutation: You are vulnerable to cold. (rC-) [potion
                  | of mutation]
 92795 | Zot:4    | Lost mutation: [Potions are less effective at restoring
                  | your health.] [potion of mutation]
 92795 | Zot:4    | Lost mutation: You passively dampen the noise of your
                  | surroundings. [potion of mutation]
 92795 | Zot:4    | Lost mutation: Your magical capacity is low. (-10% MP)
                  | [potion of mutation]
 92795 | Zot:4    | Gained mutation: [You are frail. (-10% HP)] [potion of
                  | mutation]
 92795 | Zot:4    | Gained mutation: You are partially covered in iridescent
                  | scales. (AC +2) [potion of mutation]
 92796 | Zot:4    | Lost mutation: Your body sometimes deteriorates upon taking
                  | damage. [potion of mutation]
 92796 | Zot:4    | Lost mutation: You are vulnerable to cold. (rC-) [potion of
                  | mutation]
 92796 | Zot:4    | Gained mutation: You are strong-willed. (Will+) [potion of
                  | mutation]
 92796 | Zot:4    | Gained mutation: You have a pair of horns on your head.
                  | [potion of mutation]
 92797 | Zot:4    | Lost mutation: [You are frail. (-10% HP)] [potion of
                  | mutation]
 92797 | Zot:4    | Lost mutation: You are partially covered in iridescent
                  | scales. (AC +2) [potion of mutation]
 92797 | Zot:4    | Gained mutation: Your flesh is cold resistant. (rC+)
                  | [potion of mutation]
 92798 | Zot:4    | Lost mutation: You have a pair of horns on your head.
                  | [potion of mutation]
 92798 | Zot:4    | Lost mutation: You are strong-willed. (Will+) [potion of
                  | mutation]
 92798 | Zot:4    | Lost mutation: You occasionally shout uncontrollably at
                  | your foes. [potion of mutation]
 92798 | Zot:4    | Gained mutation: Your skin changes colour to match your
                  | surroundings (Stealth+). [potion of mutation]
 92798 | Zot:4    | Lost mutation: Your spells are a little easier to cast, but
                  | a little less powerful. [potion of mutation]
 92798 | Zot:4    | Gained mutation: You are partially covered in iridescent
                  | scales. (AC +2) [potion of mutation]
 92798 | Zot:4    | Gained mutation: You have sharp toenails. [potion of
                  | mutation]
 92802 | Zot:5    | Gained mutation: [You are dopey. (Int -2)] [an orb of fire]
 92803 | Zot:5    | Gained mutation: You are occasionally teleported next to
                  | monsters. [an orb of fire]
 92805 | Zot:5    | Gained mutation: You sometimes lose your temper in combat.
                  | [an orb of fire]
 92812 | Zot:5    | Killed an orb of fire
 92816 | Zot:5    | Killed a dread lich
 92850 | Zot:5    | Killed a dread lich
 92911 | Zot:5    | Paralysed by a Zot trap for 5 turns
 93037 | Zot:5    | Killed an orb of fire
 93041 | Zot:5    | Killed a dread lich
 93047 | Zot:5    | Gained mutation: You have hidden genetic defects. [an orb
                  | of fire]
 93055 | Zot:5    | Gained mutation: You are clumsy. (Dex -2) [an orb of fire]
 93057 | Zot:5    | Gained mutation: You have terrible hidden genetic defects.
                  | [an orb of fire]
 93057 | Zot:5    | Gained mutation: You are vulnerable to heat. (rF-) [an orb
                  | of fire]
 93062 | Zot:5    | Killed an orb of fire
 93063 | Zot:5    | Killed an orb of fire
 93446 | Zot:5    | Identified the ring of Starshine {Fly Dex+3}
 93712 | Zot:5    | Lost mutation: You are partially covered in iridescent
                  | scales. (AC +2) [potion of mutation]
 93712 | Zot:5    | Lost mutation: You are vulnerable to heat. (rF-) [potion of
                  | mutation]
 93712 | Zot:5    | Lost mutation: You have sharp toenails. [potion of
                  | mutation]
 93713 | Zot:5    | Lost mutation: You sometimes lose your temper in combat.
                  | [potion of mutation]
 93713 | Zot:5    | Lost mutation: [You are dopey. (Int -2)] [potion of
                  | mutation]
 93713 | Zot:5    | Lost mutation: You have terrible hidden genetic defects.
                  | [potion of mutation]
 93713 | Zot:5    | Gained mutation: Your spells are a little harder to cast,
                  | but a little more powerful. [potion of mutation]
 93713 | Zot:5    | Gained mutation: You sometimes lose your temper in combat.
                  | [potion of mutation]
 93714 | Zot:5    | Lost mutation: Your skin changes colour to match your
                  | surroundings (Stealth+). [potion of mutation]
 93714 | Zot:5    | Lost mutation: You sometimes lose your temper in combat.
                  | [potion of mutation]
 93714 | Zot:5    | Lost mutation: You are clumsy. (Dex -2) [potion of
                  | mutation]
 93714 | Zot:5    | Lost mutation: You have a pair of small horns on your head.
                  | [potion of mutation]
 93715 | Zot:5    | Lost mutation: Your flesh is cold resistant. (rC+) [potion
                  | of mutation]
 93715 | Zot:5    | Lost mutation: You have hidden genetic defects. [potion of
                  | mutation]
 93715 | Zot:5    | Gained mutation: You have very sharp teeth. [potion of
                  | mutation]
 93715 | Zot:5    | Gained mutation: You are weak. (Str -2) [potion of
                  | mutation]
 93716 | Zot:5    | Lost mutation: Your spells are a little harder to cast, but
                  | a little more powerful. [potion of mutation]
 93716 | Zot:5    | Lost mutation: You are weak. (Str -2) [potion of mutation]
 93716 | Zot:5    | Lost mutation: You have very sharp teeth. [potion of
                  | mutation]
 93716 | Zot:5    | Lost mutation: You are occasionally teleported next to
                  | monsters. [potion of mutation]
 93716 | Zot:5    | Gained mutation: Your spells are a little harder to cast,
                  | but a little more powerful. [potion of mutation]
 94066 | Hell     | Entered the Vestibule of Hell
 94066 | Hell     | Noticed Geryon
 94101 | Hell     | Killed Geryon
 94457 | Hell     | Reached skill level 15 in Stealth
 94617 | Hell     | Found a gateway to the ashen valley of Gehenna.
 94880 | Hell     | Found a gateway to the decaying netherworld of Tartarus.
 94994 | Hell     | Found a gateway to the freezing wastes of Cocytus.
 95167 | Hell     | Found a gateway to the Iron City of Dis.
 95295 | Coc:1    | Entered Level 1 of Cocytus
 95898 | Coc:1    | Paralysed by a wendigo for 1 turns
 96626 | Coc:2    | Paralysed by a wendigo for 1 turns
 96768 | Coc:3    | Paralysed by a wendigo for 1 turns
 98423 | Coc:4    | Noticed an ancient lich
 98436 | Coc:4    | Killed an ancient lich
101445 | Depths:3 | Voluntarily entered the Abyss.
101611 | Abyss:4  | Gained mutation: You occasionally shout uncontrollably at
                  | your foes. [a neqoxec]
101738 | Depths:3 | Escaped the Abyss
102170 | Depths:3 | Voluntarily entered the Abyss.
102293 | Abyss:4  | Gained mutation: Your body sometimes deteriorates upon
                  | taking damage. [a neqoxec]
102297 | Abyss:4  | Gained mutation: You are clumsy. (Dex -2) [a neqoxec]
102350 | Abyss:4  | Reached skill level 15 in Dodging
102416 | Abyss:4  | Noticed a dread lich
102430 | Abyss:4  | Killed a dread lich
102480 | Depths:3 | Escaped the Abyss
103154 | Depths:3 | Lost mutation: Your spells are a little harder to cast, but
                  | a little more powerful. [potion of mutation]
103154 | Depths:3 | Lost mutation: You occasionally shout uncontrollably at
                  | your foes. [potion of mutation]
103154 | Depths:3 | Lost mutation: Your body sometimes deteriorates upon taking
                  | damage. [potion of mutation]
103154 | Depths:3 | Lost mutation: You are clumsy. (Dex -2) [potion of
                  | mutation]
103154 | Depths:3 | Gained mutation: You are somewhat resistant to further
                  | mutation. [potion of mutation]
104509 | Coc:5    | Paralysed by a wendigo for 1 turns
104515 | Coc:5    | Paralysed by a wendigo for 1 turns
104688 | Coc:5    | Paralysed by a wendigo for 1 turns
105504 | Geh:1    | Entered Level 1 of Gehenna
106243 | Geh:1    | Noticed an ancient lich
106252 | Geh:1    | Killed an ancient lich
106926 | Geh:4    | Lost intelligence.
106957 | Hell     | HP: 1/213 [hellephant/blast of flame (32)]
107541 | Depths:3 | Voluntarily entered the Abyss.
107663 | Depths:3 | Escaped the Abyss
107950 | Depths:3 | Voluntarily entered the Abyss.
107951 | Abyss:5  | Found a corrupted altar of Lugonu.
108073 | Depths:3 | Escaped the Abyss
108424 | Depths:3 | Voluntarily entered the Abyss.
108561 | Abyss:5  | Paralysed by accursed screaming for 2 turns
108573 | Abyss:5  | Paralysed by accursed screaming for 1 turns
108586 | Depths:3 | Escaped the Abyss
109878 | Depths:3 | Voluntarily entered the Abyss.
110144 | Abyss:5  | Lost intelligence.
110193 | Depths:3 | Escaped the Abyss
110395 | Depths:3 | Voluntarily entered the Abyss.
110444 | Abyss:5  | Found a corrupted altar of Lugonu.
110730 | Abyss:5  | Found a corrupted altar of Lugonu.
110771 | Abyss:5  | Found a corrupted altar of Lugonu.
110855 | Abyss:5  | Lost intelligence.
110856 | Abyss:5  | Noticed a dread lich
110864 | Abyss:5  | Paralysed by accursed screaming for 1 turns
110914 | Abyss:6  | HP: 10/218 [raiju (1)]
110915 | Abyss:6  | HP: 4/218 [starcursed mass (3)]
110916 | Abyss:6  | Killed from afar by a starcursed mass

Illustrated notes

Levels and vault maps discovered:
D:1:      nzn_arrival_settlement, layout_loops_cross, minmay_misc_feat_doors,
          dk_noncrumbling_3, minmay_tree_intersection
D:2:      minmay_general_purpose_star, layout_rooms, uniq_robin, uniq_terence,
          uniq_jessica
D:3:      layout_basic
D:4:      layout_loops_ring, nicolae_overflows_in_rows
D:5:      layout_basic, temple_pool_b, cheibrodos_sewer_entry_bend
D:6:      layout_loops_ring, serial_shops, nicolae_shop_waterfront,
          nicolae_diamond_shop, nicolae_shop_bloodbath_and_beyond,
          nicolae_stop_n_shop_2, nicolae_shop_behind_doors, amethyst_killhole,
          uniq_pikel
D:7:      layout_loops_corners, nicolae_dithmenos_the_darkroom,
          grunt_temple_overflow_open, kb_rosetta
D:8:      layout_basic, lemuel_tele_altar, lair_entry_dummy
D:9:      layout_roguey [special_room_bee], david_orc_3,
          lightli_fourway_metalbox, uniq_prince_ribbit1, uniq_maurice
D:10:     layout_roguey, serial_bayou_pond_b, kennysheep_boxes
D:11:     layout_big_octagon, kennysheep_generic_room_2
D:12:     layout_basic
D:13:     erik_rubicon_b, layout_basic, david_vaults_2, gauntlet_entry_generic,
          uniq_urug, uniq_josephine
D:14:     layout_irregular_city, xom_redecorated
D:15:     hangedman_depths_entry_try_elsewhere_first, layout_rooms,
          serial_shops, nicolae_shop_crystal, gammafunk_ghost_hive,
          serial_bayou_shore_a, hangedman_corner_corridor
Lair:1:   layout_regular_city, minivault_26, st_stairs_11
Lair:2:   layout_hall_layers, grunt_megastairs_1
Lair:3:   layout_cave_shapes, elwin_shoals_entry_rocks,
          nicolae_spider_entry_orb_guardian, kennysheep_basilisk_garden
Lair:4:   layout_hall_layers, slime_entry_1
Lair:5:   minmay_lair_end_enchanted_forest, layout_regular_city,
          lemuel_oklob_altar, grunt_megastairs_3
Shoals:1: layout_shoals, ebering_ghost_disaster_area,
          nicolae_shoals_undead_eyrie, uniq_louise, uniq_aizul, uniq_nikola
Shoals:2: layout_shoals, hangedman_shoal_volcano, uniq_kirke, uniq_jorgrun,
          uniq_ilsuiw
Shoals:3: layout_shoals
Shoals:4: shoals_end_grunt_ice, layout_shoals,
          nicolae_shoals_arrival_archipelago, uniq_donald
Spider:1: nicolae_spider_jumping_over_cracks [nicolae_spider_jumping_sub_lanes,
          nicolae_spider_jumping_sub_rim, nicolae_spider_jumping_sub_moat,
          nicolae_spider_jumping_sub_grid]
Spider:2: layout_cave_pods, portal_ice_cave_entry_ugly_swarm,
          hangedman_spider_tarantella_strand
Spider:3: layout_spider_delve, drop_trap
Spider:4: johnstein_spider_rune_arachne_lair, nicolae_spider_bug_shape,
          uniq_arachne
Orc:1:    layout_diamond_mine, basic_altar, uniq_fannar, uniq_nergalle
Orc:2:    st_orc_open, layout_caves, guppyfry_library_mini, uniq_sonja
Elf:1:    eino_elf_arrival_customs, layout_loops_cross, hangedman_elf_disciples,
          patterned_corridor
Elf:2:    elven_hall_of_blades_hangedman_original [nicolae_blade_little_rooms],
          layout_onion_city
Elf:3:    nooodl_elf_gasket, layout_loops_corners, serial_shops,
          nicolae_shop_behind_doors, roderic_roman_lattice
Vaults:1: nicolae_vaults_shelves_hall, nicolae_vaults_three_branches, v_misc_2,
          vaults_dpeg_spiral, vaults_room_boxed, hangedman_vaults_stitches,
          nicolae_vaults_an_arrangement, nicolae_vaults_asterisk,
          nicolae_vaults_border_crossing, vaults_room_door_hall,
          nicolae_vaults_asterisk, layout_vaults_ring, serial_shops,
          nicolae_shop_advertising_works [nicolae_subvault_shop_adworks]
Vaults:2: v_misc_8, nicolae_vaults_network_square,
          minmay_crypt_entry_simple_statues, vaults_room_octagon,
          vaults_standard_mumra_x, vaults_mumra_lcd,
          nicolae_vaults_network_quincunx
          [nicolae_vaults_network_quincunx_subvault,
          nicolae_vaults_network_quincunx_subvault,
          nicolae_vaults_network_quincunx_subvault,
          nicolae_vaults_network_quincunx_subvault,
          nicolae_vaults_network_quincunx_subvault], v_pattern_3,
          vaults_room_octagon, v_misc_3, hangedman_vaults_locks,
          ontoclasm_vaults_twist, st_smaller_cells, layout_vaults_maze,
          serial_shops, shop, nicolae_lakefront_shop, nicolae_shop_statue_plus,
          shop
Vaults:3: v_alt_pattern_6, nicolae_vaults_theta, v_pattern_5,
          nicolae_vaults_network_barrier, nicolae_vaults_mini_display_case,
          vaults_room_grid, ontoclasm_vaults_eye, grunt_vaults_hallway_short,
          st_more_cells, grunt_vaults_hallway_long, hangedman_vaults_nails,
          ontoclasm_vaults_shuriken, nicolae_vaults_little_squares_4,
          vaults_dpeg_diagonal, layout_vaults_omnibox, uniq_boris
Vaults:4: portal_desolation_entry_nicolae_nacl, hangedman_vaults_cutoff,
          nicolae_vaults_network_quinsquares
          [nicolae_vaults_network_quincunx_subvault,
          nicolae_vaults_network_quincunx_subvault,
          nicolae_vaults_network_quincunx_subvault,
          nicolae_vaults_network_quincunx_subvault], v_rooms_2,
          nicolae_vaults_disjoint_gnomons, ontoclasm_vaults_chip,
          nicolae_vaults_ninety_degrees, layout_vaults_chaotic_city,
          serial_shops, statue_bzr, nicolae_square_shop,
          nicolae_shop_competitors_out_of_business, shop_fountains, shop
Vaults:5: serial_shops
Crypt:1:  layout_misc_corridors
Crypt:2:  layout_catacombs
Crypt:3:  david_glass_crypt, layout_gridlike, tomb_entry_sphere_bobbens,
          lemuel_mausoleum_altar_kikubaaqudgha
Depths:1: layout_small_grid, grunt_hell_entry_dis_mu, abyss_entry,
          guppyfry_shop_venom
Depths:2: minmay_glassy_protrusions, layout_gridlike, pan_entry, hellmouth_3,
          hangedman_decor_clover_reticule, st_stairs_3, serial_bayou_ford_a,
          dreamdust_looks_like_rain, infiniplex_staircase_split_hallway
Depths:3: minmay_ambush_box, layout_cave_pools, enter_ziggurat_d,
          abyss_entry_small_statue_room, lightli_too_deep,
          kennysheep_inner_square, infiniplex_staircase_pool_lava
Depths:4: evilmike_zot_entry_diamond, layout_honeycomb,
          nzn_wu_jian_council_hall, abyss_entry_crystal, hellmouth_1,
          statue_in_the_mist_lemuel, bh_walls_and_bars, uniq_mennas,
          uniq_saint_roka
Hell
Geh:1:    layout_gehenna_pools_box
Geh:2:    layout_gehenna_lava_caves
Geh:3:    nicolae_geh_split_lavaduct, layout_gehenna_lava_caves
Geh:4:    layout_gehenna_pools_triple
Coc:1:    layout_cocytus_delve, nicolae_hells_seeping_fissure
Coc:2:    layout_cocytus_delve, nicolae_coc_icecubes
Coc:3:    layout_cocytus_delve
Coc:4:    layout_ice_bergs
Coc:5:    layout_ice_bergs
Coc:6:    nicolae_coc_three_mouths, layout_cocytus_delve
Zot:1:    layout_cathedral_of_symmetry, uniq_josephina
Zot:2:    layout_cathedral_of_symmetry
Zot:3:    lemuel_draconian_sentries, layout_onion_interference
Zot:4:    layout_gridlike, basic_altar, gammafunk_ghost_crypt, nrook_zot_tub
Zot:5:    layout_twisted_circle
Abyss:6:  base: Crypt:2, evilmike_abyss_exit_1, minivault_20,
          evilmike_abyss_exit_3, hangedman_abyss_or_decor_clamps,
          lemuel_flamethrower_2

Skill      XL: |  1  2  3  4  5  6  7  8  9 10 11 12 13 14 15 16 17 18 19 20 21 22 23 24 25 26 27 |
---------------+----------------------------------------------------------------------------------+-----
Axes           | 3 4 5 6 7 9 11 12 14 15 17 18 19 20 21 22 23 24 25 26 27 | 27.0
Fighting       | 4 5 6 7 9 10 11 13 14 15 17 18 19 20 21 22 23 24 25 26 27 | 27.0
Armour         | 4 5 6 8 9 11 12 13 14 15 16 17 18 19 20 21 22 23 24 25 27 | 27.0
Shields        | 4 5 6 8 9 11 12 13 14 15 16 17 18 19 20 21 22 23 24 25 27 | 27.0
Maces & Flails | 4 21 | 21.2
Polearms       | 3 21 | 21.2
Stealth        | 3 18 | 18.1
Dodging        | 2 16 | 16.8

Action                   |  1- 3 |  4- 6 |  7- 9 | 10-12 | 13-15 | 16-18 | 19-21 | 22-24 | 25-27 || total
-------------------------+-------+-------+-------+-------+-------+-------+-------+-------+-------++-------
Melee: War axe           |    67 |   170 |   173 |   314 |   997 |  1110 |  1161 |       |       ||  3992
       Broad axe         |       |       |       |       |       |       |   100 |  1424 |  5947 ||  7471
       Headbutt          |       |       |       |       |       |       |       |       |    56 ||    56
Invok: Call Merchant     |       |       |       |     1 |     2 |     2 |     3 |     2 |     6 ||    16
Evoke: Wand              |       |       |     7 |     4 |     6 |       |     1 |     4 |    12 ||    34
       Horn of Geryon    |       |       |       |       |       |       |       |       |     1 ||     1
  Use: Scroll            |     3 |    11 |    13 |     5 |    14 |     4 |     9 |     5 |    21 ||    85
       Potion            |     3 |     1 |     2 |    10 |     1 |       |     3 |     5 |    35 ||    60
 Stab: Invisible         |     2 |       |       |     7 |       |       |       |     2 |     2 ||    13
       Distracted        |       |       |       |     6 |     7 |    14 |    15 |    53 |   282 ||   377
       Sleeping          |       |       |       |       |       |     3 |     1 |       |    27 ||    31
       Held in net/web   |       |       |       |       |       |     1 |       |       |       ||     1
       Confused          |       |       |       |       |       |       |       |       |     1 ||     1
Armor: Scale mail        |    53 |    84 |    71 |    31 |       |       |       |       |       ||   239
       Plate armour      |       |       |       |    88 |   302 |       |       |       |       ||   390
       Chain mail        |       |       |       |     6 |    61 |       |       |       |       ||    67
       Pearl dragon scal |       |       |       |       |     1 |   505 |   399 |   262 |   639 ||  1806
       Gold dragon scale |       |       |       |       |       |       |       |       |   565 ||   565
Dodge: Dodged            |    40 |    72 |    71 |   256 |   325 |   239 |   309 |   177 |  1099 ||  2588
Block: Buckler           |    21 |    45 |    45 |    98 |   194 |       |       |       |       ||   403
       Tower shield      |       |       |       |       |   194 |   922 |   371 |  1262 |  4646 ||  7395
       Kite shield       |       |       |       |       |       |       |   573 |       |   253 ||   826
       Reflection        |       |       |       |       |       |       |    66 |    66 |    14 ||   146

Table legend: (Time is in decaauts)
 A = Elapsed time spent in this place.
 B = Non-inter-level travel time spent in this place.
 C = Inter-level travel time spent in this place.
 D = Time resting spent in this place.
 E = Time spent auto-exploring this place.
 F = Levels seen in this place.
 G = Mean time per level.
                   A        B        C        D        E       F      G
               +--------+--------+--------+--------+--------+-----+--------+
         Total | 110352 | 103684 |   6668 |  25808 |  54373 |  79 | 1396.9 |
       Dungeon |  16913 |  15000 |   1913 |   1841 |  10468 |  15 | 1127.5 |
          Lair |   5196 |   4822 |    374 |      0 |   3893 |   5 | 1039.2 |
        Shoals |   6095 |   5934 |    161 |    435 |   4659 |   4 | 1523.8 |
   Spider Nest |   6772 |   6442 |    330 |    407 |   4843 |   4 | 1693.0 |
  Orcish Mines |   6888 |   6516 |    372 |   4576 |   1162 |   2 | 3444.0 |
   Elven Halls |   5857 |   5051 |    806 |    960 |   2907 |   3 | 1952.3 |
        Vaults |  11930 |  11203 |    727 |    938 |   8008 |   5 | 2386.0 |
         Crypt |   3315 |   3210 |    105 |    248 |   2149 |   3 | 1105.0 |
        Depths |  13096 |  12181 |    915 |   6024 |   4482 |   4 | 3274.0 |
          Hell |   7712 |   7672 |     40 |   6541 |    495 |   1 | 7712.0 |
       Gehenna |    872 |    785 |     87 |      0 |    463 |   4 |  218.0 |
       Cocytus |   2690 |   2263 |    427 |    592 |    799 |   6 |  448.3 |
           Zot |   9331 |   8926 |    405 |   3049 |   3994 |   5 | 1866.2 |
         Abyss |  11826 |  11826 |      0 |     91 |   5382 |  15 |  788.4 |
        Bazaar |    133 |    133 |      0 |      0 |     78 |   1 |  133.0 |
    Desolation |   1274 |   1274 |      0 |    105 |    439 |   1 | 1274.0 |
      Gauntlet |    444 |    444 |      0 |      0 |    151 |   1 |  444.0 |
               +--------+--------+--------+--------+--------+-----+--------+

Top non-repeatable levels by time:
 Abyss:1: 7884 daAuts
    Hell: 7712 daAuts
Depths:3: 5932 daAuts
   Orc:1: 4985 daAuts
Vaults:3: 2731 daAuts
Vaults:1: 2542 daAuts
Depths:1: 2517 daAuts
Vaults:4: 2474 daAuts
   Elf:3: 2455 daAuts
Depths:2: 2333 daAuts
Depths:4: 2313 daAuts
   Zot:4: 2312 daAuts
   Zot:5: 2280 daAuts
Vaults:2: 2161 daAuts
   Zot:2: 2145 daAuts
